 Dungeon Crawl Stone Soup version 0.22.1-1-ga44c0e56f4 (webtiles) character file.

359 Muumios the Magician (level 6, 0/48 HPs)
             Began as a Mummy Wanderer on Sept 26, 2018.
             Slain by a bullfrog (6 damage)
             ... on level 5 of the Dungeon.
             The game lasted 00:13:35 (5813 turns).

Muumios the Magician (Mummy Wanderer)               Turns: 5813, Time: 00:13:35

Health: 0/48       AC:  7    Str: 11    XL:     6   Next: 37%
Magic:  12/12      EV: 11    Int: 16    God:
Gold:   171        SH:  0    Dex: 18    Spells: 13/13 levels left

rFire    x . .     SeeInvis .   m - +1 whip (flame)
rCold    + . .     Gourm    .   (no shield)
rNeg     + + +     Faith    .   d - +2 robe
rPois    ∞         Spirit   .   (no helmet)
rElec    .         Reflect  .   (no cloak)
rCorr    .         Harm     .   n - +2 pair of gloves
MR       .....                  (no boots)
Stlth    ++........             (no amulet)
HPRegen  0.16/turn              b - +5 ring of dexterity
MPRegen  0.13/turn              (no ring)

@: no status effects
A: no food or potions, fire vulnerability, cold resistance 1, negative energy
resistance 3, torment resistance, unbreathing
a: no special abilities


You were on level 5 of the Dungeon.
You were not hungry.

You visited 1 branch of the dungeon, and saw 6 of its levels.

You collected 171 gold pieces.

Inventory:

Hand Weapons
 c - a +0 hunting sling
 e - a +0 dagger
 f - a +0 short sword
 j - a +0 rapier
 m - a +1 whip of flaming (weapon)
Missiles
 g - 31 poisoned needles
Armour
 d - a +2 robe (worn)
 n - a +2 pair of gloves (worn)
Jewellery
 b - a +5 ring of dexterity (left hand)
 i - an uncursed ring of ice
 l - an uncursed ring of ice
Scrolls
 a - a scroll of remove curse
 k - a scroll of identify


   Skills:
 * Level 4.0 Fighting
 * Level 3.4 Short Blades
 - Level 1.0 Throwing
 - Level 1.9 Stealth
 - Level 4.3 Spellcasting
   Level 1.7 Hexes
   Level 1.0 Summonings
   Level 1.5 Poison Magic


You had 13 spell levels left.
You didn't know any spells.
Your spell library contained the following spells:

 Spells                   Type           Power        Failure   Level  Hunger
 Corona                   Hex            #......      8%          1    N/A
 Summon Butterflies       Summ           #.......     11%         1    N/A
 Ensorcelled Hibernation  Hex/Ice        #.....       17%         2    N/A
 Confuse                  Hex            #.......     24%         3    N/A
 Tukima's Dance           Hex            #.......     24%         3    N/A
 Summon Guardian Golem    Hex/Summ       #.......     28%         3    N/A
 Dazzling Spray           Conj/Hex       #.....       34%         3    N/A

Dungeon Overview and Level Annotations

Branches:
Dungeon (6/15)
 Temple: D:4-7

Altars:
Cheibriados
Okawaru
Vehumet

Annotations:
D:3 Sigmund
D:4 3 runed doors, Jukra's ghost, novice HaAK
D:6 Grinder


Innate Abilities, Weirdness & Mutations

You do not eat or drink.
Your flesh is vulnerable to fire.
You are immune to poison.
Your flesh is cold resistant. (rC+)
You are immune to negative energy. (rN+++)
You are immune to unholy pain and torment.
You can survive without breathing.


Message History

You hit the howler monkey but do no damage.
The howler monkey is heavily wounded.
The bullfrog misses you.
The howler monkey hits you but does no damage.
The quokka bites you but does no damage.
You hit the howler monkey but do no damage.
The howler monkey is heavily wounded.
The bullfrog hits you.
* * * LOW HITPOINT WARNING * * *
The howler monkey hits you.
* * * LOW HITPOINT WARNING * * *
The quokka closely misses you. The bullfrog barely misses you.
The bullfrog hits you but does no damage.
Wield which item (- for none, * to show all)? (? for menu, Esc to quit)
Okay, then.
The howler monkey barely misses you. The quokka misses you.
The bullfrog hits you.
* * * LOW HITPOINT WARNING * * *
The bullfrog hits you.
You die...

## #..)......#
# #...>.....##
# #..........#
# #..........##
# #...........#
# ##..........#
## ##.........#
.# #rFh......#
.# ##@....!.##
.## ###
##.......# ..#
##.###.<.....##
..##
##..#..###....#
#..# ##.....##
##.### #..#
#......# ###
#..## ##......#
##..###.......#
#....##......##


You could see a bullfrog, a howler monkey and a quokka.

Vanquished Creatures
  A scorpion (D:4)
  A hound (D:3)
  A centaur skeleton (D:4)
  2 worker ants
  Natasha (twice) (D:4)
  3 adders
  A gnoll (D:5)
  A shadow imp (D:5)
  An ooze (D:4)
  A worm (D:4)
  3 dart slugs
  2 leopard geckos
  10 orcs
  6 giant cockroaches
  5 goblins
  5 hobgoblins
  15 jackals
  8 kobolds
  4 quokkas (D:4)
  6 bats
  2 frilled lizards
  A quokka skeleton (D:5)
  4 rats
85 creatures vanquished.

Vanquished Creatures (others)
  2 fungi (D:4)
  2 plants (D:4)
4 creatures vanquished.

Grand Total: 89 creatures vanquished

Notes
Turn   | Place    | Note
-------+----------+-------------------------------------------
     0 | D:1      | Muumios the Mummy Wanderer began the quest for the Orb.
     0 | D:1      | Muumios set off with: a scroll of teleportation, a +0 robe,
                  | a +0 dagger
     0 | D:1      | Reached XP level 1. HP: 13/13 MP: 5/5
   289 | D:1      | Reached XP level 2. HP: 18/19 MP: 7/7
   700 | D:1      | Reached skill level 1 in Short Blades
  1094 | D:2      | Reached skill level 1 in Fighting
  1279 | D:2      | Reached XP level 3. HP: 23/26 MP: 8/8
  1980 | D:3      | Found a radiant altar of Vehumet.
  1980 | D:3      | Noticed Sigmund
  2481 | D:4      | Found a runed gate.
  2482 | D:4      | Noticed a big kobold
  2482 | D:4      | Noticed Jukra's ghost (novice HaAK)
  2483 | D:4      | Found a runed gate.
  2483 | D:4      | Found a runed gate.
  2485 | D:4      | Noticed a big kobold
  2530 | D:4      | Reached XP level 4. HP: 25/33 MP: 10/10
  3357 | D:5      | Entered Level 5 of the Dungeon
  3531 | D:3      | Reached XP level 5. HP: 14/39 MP: 11/11
  4637 | D:5      | Noticed an ogre
  4967 | D:4      | Noticed Natasha
  4976 | D:4      | Killed Natasha
  5045 | D:4      | Found a snail-covered altar of Cheibriados.
  5065 | D:4      | Reached XP level 6. HP: 41/47 MP: 12/12
  5313 | D:4      | Noticed Natasha
  5318 | D:4      | Killed Natasha
  5441 | D:5      | Found an iron altar of Okawaru.
  5699 | D:6      | Noticed a hungry ghost
  5794 | D:6      | Noticed Grinder
  5813 | D:5      | Slain by a bullfrog

Skill      XL: |  1  2  3  4  5  6 |
---------------+-------------------+-----
Short Blades   | 1 2 3 |  3.4
Fighting       | 1 2 3 4 |  4.0
Throwing       | |  1.0
Stealth        | |  1.9
Spellcasting   | |  4.3
Hexes          | |  1.7
Summonings     | |  1.0
Poison Magic   | |  1.5

Action                   |  1- 3 |  4- 6 || total
-------------------------+-------+-------++-------
Melee: Dagger            |    78 |       ||    78
       Short sword       |   113 |    56 ||   169
       Rapier            |       |    73 ||    73
       Whip              |       |    67 ||    67
Throw: Tomahawk          |       |     5 ||     5
  Use: Scroll            |     8 |     5 ||    13
 Stab: Sleeping          |     9 |     5 ||    14
       Distracted        |     1 |       ||     1
Armor: Robe              |    43 |    59 ||   102
Dodge: Dodged            |   115 |   138 ||   253
